Cogmind - Beta 15 @@@ ROGUE MODE // 2025.09.20 @ 16:53:38 Player: beans Result: Destroyed by G-47 Trooper with Particle Gun Performance ------------- Evolutions (1) 500 Regions Visited (3) 600 Robots Destroyed (37) 185 Value Destroyed (1173) 1173 Prototype IDs (6) 120 Alien Tech Used (0) 0 Bonus (19) 19 TOTAL SCORE: 2597 Bonus ------- Follower Combat Kills 60 Friendly Fire -41 Cogmind --------- Core Integrity 0/400 Matter 297/300 Energy 244/265 System Corruption 5% Temperature Cool (18) Movement Core (250) Ox4 Location -9/Materials Parts ------- > --- POWER (1) -------- Improved Ion Engine > --- PROPULSION (4) --- (None) > --- UTILITY (2) ------ Visual Processing Unit > --- WEAPON (2) ------- Improved EM Shotgun Heavy Assault Rifle > --- INVENTORY (5) ---- Small Storage Unit Large Storage Unit Peak State ------------ > --- POWER ------------ Improved Ion Engine > --- PROPULSION ------- (None) > --- UTILITY ---------- Visual Processing Unit > --- WEAPON ----------- Improved EM Shotgun Improved EM Shotgun > --- INVENTORY -------- Small Storage Unit Large Storage Unit [Rating: 10] Favorites ----------- Power Improved Ion Engine Engine Improved Ion Engine Propulsion Light Treads Treads Light Treads Utility Visual Processing Unit Storage Large Storage Unit Processor Visual Processing Unit Protection Core Shielding Weapon Assault Rifle Energy Gun Improved EM Shotgun Ballistic Gun Assault Rifle Launcher Grenade Launcher Build | -11 -10 -10 -9 ------- Run | Yrd Mat Min Mat Slots Evolved 2 | . . . 2 Power . | . . . . Propulsion 2 | . . . 2 Utility . | . . . . Weapon . | . . . . Parts Attached 14 | 2 5 2 5 Power 1 | . . . 1 Engine 1 | . . . 1 Core . | . . . . Reactor . | . . . . Propulsion 1 | . 1 . . Treads 1 | . 1 . . Leg . | . . . . Wheel . | . . . . Hover . | . . . . Flight . | . . . . Utility 3 | . 3 . . Device . | . . . . Storage 1 | . 1 . . Processor 1 | . 1 . . Hackware . | . . . . Protection 1 | . 1 . . Artifact . | . . . . Weapon 9 | 2 1 2 4 Energy Gun 2 | . . . 2 Energy Cannon . | . . . . Ballistic Gun 4 | 2 . . 2 Ballistic Cannon . | . . . . Launcher 3 | . 1 2 . Special Weapon . | . . . . Impact Weapon . | . . . . Slashing Weapon . | . . . . Piercing Weapon . | . . . . Special Melee Weapon . | . . . . Unidentified Prototypes . | . . . . Corrupted Parts 1 | . . . 1 System Corruption 5 | . . . 5 Parts Lost 8 | . 1 . 7 Power . | . . . . Propulsion 1 | . . . 1 Utility . | . . . . Weapon 7 | . 1 . 6 Highest Loss Streak 5 | . 1 . 5 To Critical Strikes . | . . . . Average Backups 2 | . 2 3 2 Power . | . . . . Propulsion . | . . . . Utility 1 | . . 1 1 Weapon 1 | . 1 2 . Tool/Special . | . . . . Unused Backups 1 | . . . 1 Power . | . . . . Propulsion . | . . . . Utility 1 | . . . 1 Weapon . | . . . . Tool/Special . | . . . . Average Slot Usage (%) 59 | . 55 71 41 Treads 10 | . 7 14 5 Storage 10 | . 8 14 5 Processor 12 | . 11 14 11 Ballistic Gun 13 | . 20 13 5 Launcher 10 | . 6 14 8 Peak Build Rating 10 | 2 6 6 10 Average Rating 5 | 1 4 6 5 On Entrance 3 | . 2 6 6 Naked Turns . | . . . . Heaviest Build 26 | 4 25 26 26 Greatest Support 20 | 3 20 20 20 Greatest Overweight (x) 8 | 1 8 1 4 Average Overweight (x) . | . 1 1 . Largest Inventory Capacity 15 | 5 15 15 15 Average Capacity 12 | 5 11 15 9 Most Carried 4 | 2 4 4 4 Average Carried 2 | . 2 3 2 Final Capacity 15 | 5 15 15 5 Final Carried 4 | . 3 4 2 Class Distribution -------------------- 100% | Mutant Dominant Class ---------------- Mutant | -10/Materials Mutant | -10/Mines Mutant | -9/Materials Resources | -11 -10 -10 -9 ----------- Run | Yrd Mat Min Mat Matter Collected 793 | 220 215 160 198 Remotely . | . . . . Salvage Created 1205 | . 309 396 500 Parts 71 | . 22 19 30 Haulers Intercepted 2 | . 2 . . Recyclers Shooed 4 | . 4 . . Parts Field Recycled . | . . . . Retrieved Matter . | . . . . Parts Self-Destructed . | . . . . Prevented . | . . . . Kills | -11 -10 -10 -9 ------- Run | Yrd Mat Min Mat Combat Hostiles Destroyed 27 | . 5 10 12 Guns 12 | . 1 . 11 AOE 15 | . 4 10 1 Classes Destroyed 11 | . 8 1 2 Worker 2 | . 2 . . Builder 1 | . 1 . . Hauler 2 | . 2 . . Recycler 2 | . 1 1 . Mechanic 1 | . . 1 . Operator 1 | . 1 . . Watcher 1 | . 1 . . Swarmer 3 | . 3 . . Grunt 20 | . 2 10 8 Protector 1 | . . . 1 Sentry 3 | . . . 3 Best Kill Streak 8 | . 8 7 5 Combat Bots Only 6 | . 5 6 5 Max Kills in Single Turn 4 | . 3 4 1 Gunslinging . | . . . . Exploded 4 | . 2 4 1 Melee . | . . . . Uniques/NPCs Destroyed . | . . . . Combat | -11 -10 -10 -9 -------- Run | Yrd Mat Min Mat Hostile Shots Fired 114 | . 14 6 94 Missed 41 | . 5 3 33 Hits 73 | . 9 3 61 Projectile 73 | . 9 3 61 Damage Taken 1328 | . 253 106 969 Core 545 | . 95 34 416 Absorbed by Shields . | . . . . Core Remaining (%) 74 | 100 . 48 . Volleys Fired 65 | . 17 6 42 Largest 2 | . 2 2 2 Hottest 90 | . 50 60 90 Shots Fired 100 | . 34 12 54 Gun 68 | . 20 . 48 Cannon . | . . . . Launcher 32 | . 14 12 6 Special . | . . . . Kinetic 50 | . 20 . 30 Thermal . | . . . . Explosive 32 | . 14 12 6 Electromagnetic 18 | . . . 18 Robot Hit Streak 7 | . 7 3 6 Robot Miss Streak 3 | . 3 1 2 Penetration Max . | . . . . Secondary Targets 1 | . . . 1 Max Gunslinging Chain 1 | . . . 1 Shots Hit Robots 51 | . 10 3 38 Core Hits 70 | . 20 26 24 Critical Kills . | . . . . Critical Parts Destroyed . | . . . . Critical Strikes . | . . . . Melee Attacks . | . . . . Impact . | . . . . Slashing . | . . . . Piercing . | . . . . Sneak Attacks . | . . . . Combat Hostiles . | . . . . Follow-up Attacks . | . . . . Damage Inflicted 2482 | . 945 809 728 Guns 656 | . 121 . 535 Cannons . | . . . . Explosions 1819 | . 822 809 188 Melee . | . . . . Ramming 7 | . 2 . 5 Kinetic 405 | . 121 . 284 Thermal 43 | . . . 43 Explosive 1776 | . 822 809 145 Electromagnetic 251 | . . . 251 Impact . | . . . . Slashing . | . . . . Piercing . | . . . . Highest Corruption 5 | . . . 5 Average Corruption 5 | . . . 5 Corruption Purged . | . . . . Corruption Blocked . | . . . . Effects 2 | . . . 2 Energy Discharges 1 | . . . 1 Misfires 1 | . . . 1 Overload Shots . | . . . . Overflow Damage 61 | . 38 . 23 Projectiles . | . . . . Explosions 61 | . 38 . 23 Melee . | . . . . Knockbacks . | . . . . Impact . | . . . . Kinetic . | . . . . Secondary . | . . . . Self-Inflicted Damage 369 | . 167 70 132 Shots 14 | . 6 4 4 Rammed 2 | . 1 . 1 Targets Rammed 2 | . 1 . 1 Kicked . | . . . . Crushed . | . . . . Highest Temperature 60 | . . 19 60 Average Temperature 20 | . . 9 22 Received Heat Transfer 375 | . 18 24 333 Siege Activations . | . . . . Martial Activations . | . . . . Shielding Activations . | . . . . Robots Disrupted . | . . . . Combat Hostiles . | . . . . Robots Corrupted . | . . . . Combat Hostiles . | . . . . Parts Fried 1 | . . . 1 Impact Corruptions . | . . . . Robots Melted . | . . . . Combat Hostiles . | . . . . Parts Melted 1 | . . 1 . Heat Transferred 50 | . . . 50 Parts Sabotaged . | . . . . Parts Stolen . | . . . . Parts Stripped . | . . . . Power Chain Reactions 1 | . . . 1 Alert | -11 -10 -10 -9 ------- Run | Yrd Mat Min Mat Maximum Alert Level 2 | . 1 2 1 Low Security (%) 68 | 100 81 65 50 Level 1 28 | . 18 27 49 Level 2 3 | . . 7 . Level 3 . | . . . . Level 4 . | . . . . Level 5 . | . . . . High Security . | . . . . Max Security . | . . . . Peak Influence 452 | . 224 452 307 Initial 166 | . . 39 166 Average 138 | . 132 125 197 Influence Increases 1222 | . 289 572 361 Destroy 0b10 Robot/C 560 | . 100 240 220 Destroy 0b10 Robot/NC 60 | . 40 15 5 Destroy Leader 116 | . 26 40 50 Allied During Kill 18 | . . 16 2 Disable Machine 255 | . 60 165 30 Destroy Structure 213 | . 63 96 54 Influence Decreases 915 | . 188 245 482 Entered New Map 324 | . . 62 262 Time Decay 491 | . 178 183 130 Lost Part 80 | . 10 . 70 Lost Ally 20 | . . . 20 Squads Dispatched 4 | . . 2 2 Investigation 1 | . . . 1 Extermination . | . . . . Reinforcement . | . . . . Assault 3 | . . 2 1 Garrison . | . . . . Intercept . | . . . . Searches Triggered . | . . . . Construction Impeded . | . . . . Haulers Reinforced . | . . . . Active Scanning Responses . | . . . . Cargo Convoy Interrupts . | . . . . Stealth | -11 -10 -10 -9 --------- Run | Yrd Mat Min Mat Distress Signals 1 | . . 1 . Communications Jammed . | . . . . Distress Signals . | . . . . Times Spotted 34 | . 9 13 12 Peak Tracking Total 5 | . 5 4 3 Tactical Retreats . | . . . . Traps | -11 -10 -10 -9 ------- Run | Yrd Mat Min Mat Traps Triggered 1 | . . . 1 Indirectly . | . . . . Trap Hack Attempts . | . . . . Triggered . | . . . . Disarmed . | . . . . Reprogrammed . | . . . . Reused . | . . . . Traps Extracted . | . . . . Installed . | . . . . Triggered . | . . . . Machines | -11 -10 -10 -9 ---------- Run | Yrd Mat Min Mat Machines Disabled 17 | . 4 11 2 Max in Single Turn 11 | . 1 11 1 Machines Repaired . | . . . . Machines Dismantled . | . . . . Machines Sabotaged . | . . . . Overloaded Fab Kills . | . . . . Hacking | -11 -10 -10 -9 --------- Run | Yrd Mat Min Mat Machines Accessed 4 | . 2 . 2 Terminals 4 | . 2 . 2 Fabricators . | . . . . Repair Stations . | . . . . Recycling Units . | . . . . Scanalyzers . | . . . . Garrison Access . | . . . . Total Hacks 6 | . 3 . 3 Successful 6 | . 3 . 3 Failed . | . . . . Catastrophic . | . . . . Database Lockouts . | . . . . Manual . | . . . . Terminals 6 | . 3 . 3 Fabricators . | . . . . Repair Stations . | . . . . Recycling Units . | . . . . Scanalyzers . | . . . . Garrison Access . | . . . . Terminal Hacks 6 | . 3 . 3 Record 2 | . . . 2 Prototype ID Bank 3 | . 2 . 1 Dispatch Records 1 | . 1 . . Fabricator Hacks . | . . . . Repair Station Hacks . | . . . . Recycling Unit Hacks . | . . . . Scanalyzer . | . . . . Garrison Access Hacks . | . . . . Unauthorized Hacks . | . . . . Terminals . | . . . . Fabricators . | . . . . Repair Stations . | . . . . Recycling Units . | . . . . Scanalyzers . | . . . . Garrison Access . | . . . . Data Cores Recovered 1 | . 1 . . Used . | . . . . Hacking Detections 2 | . 1 . 1 Full Trace Events . | . . . . Feedback Events . | . . . . Feedback Blocked . | . . . . Robot Schematics Acquired . | . . . . Robots Built . | . . . . Authchips . | . . . . Time . | . . . . Total Robot Build Rating . | . . . . Part Schematics Acquired . | . . . . Parts Built . | . . . . Authchips . | . . . . Time . | . . . . Total Part Build Rating . | . . . . Parts Repaired . | . . . . Time . | . . . . Parts Recycled . | . . . . Recycled Matter . | . . . . Retrieved Matter . | . . . . Retrieved Components . | . . . . Parts Scanalyzed . | . . . . Part Schematics Acquired . | . . . . Parts Damaged . | . . . . Bothacking | -11 -10 -10 -9 ------------ Run | Yrd Mat Min Mat Used RIF Installer . | . . . . Robots Hacked . | . . . . Non-combat . | . . . . Combat . | . . . . Robot Hacks Applied . | . . . . Relay Couplers Released . | . . . . Fabnet Peak Effective % . | . . . . Robots Rewired . | . . . . Allies Hacked . | . . . . Hacks Repelled . | . . . . Allies | -11 -10 -10 -9 -------- Run | Yrd Mat Min Mat Total Allies 1 | . . 1 . Largest Group 1 | . . 1 1 Highest-Rated Group 31 | . . 31 31 Highest-Rated Ally 31 | . . 31 31 Total Orders . | . . . . Ally Attacks 18 | . . 10 8 Total Damage 271 | . . 145 126 Kills 3 | . . 3 . Allies Corrupted . | . . . . Allies Melted . | . . . . Intel | -11 -10 -10 -9 ------- Run | Yrd Mat Min Mat Active Infowar (turns) 1288 | . 366 645 277 Optics 1288 | . 366 645 277 Robot Analysis Total . | . . . . Derelict Logs Recovered 1 | . . 1 . Drone Launches . | . . . . Drone Recoveries . | . . . . Exploration | -11 -10 -10 -9 ------------- Run | Yrd Mat Min Mat Turns Passed 1389 | 36 431 645 277 Spaces Moved 612 | 35 211 249 117 Core 213 | 35 108 . 70 Treads 399 | . 103 249 47 Legs . | . . . . Wheels . | . . . . Hover . | . . . . Flight . | . . . . Fastest Speed 50 | 50 100 240 50 Average Speed 188 | 91 173 240 137 Slowest Speed 450 | 100 450 240 250 Overloaded Moves . | . . . . Propulsion Burnouts . | . . . . Robots Hopped . | . . . . Potential Cave-ins . | . . . . Cave-ins Triggered 1 | . . . 1 Exploration Rate (%) 30 | 4 49 52 16 Regions Visited 3 Branch Regions 1 Pre-discovered Areas . | . . . . Known Exits Taken . | . . . . Unknown Exits Taken 3 | 1 1 1 . Scrap Searched . | . . . . Spaces Dug . | . . . . Terrain Destroyed 230 | . 64 107 59 Melee . | . . . . Projectile . | . . . . AOE 230 | . 64 107 59 Terrain Rammed . | . . . . Walls Destroyed . | . . . . Machines Disabled . | . . . . Actions | -11 -10 -10 -9 --------- Run | Yrd Mat Min Mat Total 750 | 38 243 285 184 Wait 36 | . . 26 10 Move 609 | 34 210 248 117 Hop . | . . . . Pick Up 17 | 2 8 2 5 Fast Attach . | . . . . Attach 13 | 2 4 . 7 Detach 1 | . . . 1 Swap 4 | . 2 2 . Drop 3 | . 1 1 1 Fire 65 | . 17 6 42 Melee . | . . . . Ram 2 | . 1 . 1 Kick . | . . . . Crush . | . . . . Escape Stasis . | . . . . Rewire . | . . . . Trap . | . . . . Miscellaneous . | . . . . Route ------- -11/Scrapyard -10/Materials -10/Mines -9/Materials (discovered 1 exit: Sto) History --------- Turn | Location | Event 3 | -11/Scrapyard | Discovered new exit (range 16) 37 | -11/Scrapyard | Entered Materials 310 | -10/Materials | Build established: Mutant 406 | -10/Materials | Discovered new exit (range 17) 468 | -10/Materials | Entered Mines 686 | -10/Mines | Met a Derelict testing a Signal Generator 716 | -10/Mines | Found Signal Generator 876 | -10/Mines | Learned location of 1 exit from Materials 1065 | -10/Mines | Discovered new exit (range 17) 1066 | -10/Mines | Core integrity fell below 50% 1113 | -10/Mines | Entered Materials 1113 | -9/Materials | Accompanied by 1 ally 1113 | -9/Materials | Evolved 2 slots: Propulsion x2 1114 | -9/Materials | Identified exit to Storage 1238 | -9/Materials | Crushed by falling debris 1276 | -9/Materials | Core integrity fell below 50% 1285 | -9/Materials | Lost 5 parts (1n4w) 1344 | -9/Materials | Core integrity fell below 20% 1390 | -9/Materials | Destroyed by G-47 Trooper with Particle Gun Last Messages --------------- Y-45 Defender destroyed. Acquired 54 matter. Chain reaction triggered in Ion Engine. Imp. EM Shotgun destroyed. Destroyed Imp. EM Shotgun. G-34 Mercenary IFF system glitched. System corrupted: Energy discharge (-35). Heat Sink fried. G-34 Mercenary destroyed. Acquired Hvy. Assault Rifle. G-34 Mercenary destroyed. Switching to secondary target: G-34 Mercenary. Door malfunctions. G-34 Mercenary destroyed. System corrupted: FCS attempts to trigger Hvy. Assault Rifle. System corrupted: Hvy. Assault Rifle misfires. Acquired 33 matter. G-34 Mercenary destroyed. Acquired 3 matter. Map ----- +----------------------------------------------------+ | | | | | | | | | | | | | | | | | | | | | | | | | | | | | | | ?????????########????????????????##??????????????? | | ?????????# #######???###### ##?????????????? | | ?????????# """ # ##### #?????????????? | | ?????????# "T" # ##;#;!= ! #?????????????? | | ?????????# + =*; ![[[! #?????????????? | | ########## # %![ [[! #?????????????? | | # """ # " [;########?????????????? | | """ # T ##????????????????????? | | """ # " = #?????????????????????? | | # =![#?????????????????????? | | + *@%#?????????????????????? | | ###+#### #####g#?????????????????????? | | ## #### #??#/#?????????????????????? | | #?? [?????????????????????? | | #### ##### #?? ????????????????????? | | #?? ???????????????????? | | ## #?? [[ ???????????????????? | | ! +?? [[ !??????????????????? | | # * * #?? [ #?????????????????? | | ## =%[ ######### #? #?????????????????? | | ## =###???????#######? #?????????????????? | | ### # ?????????????? #?????????????????? | | ??# # ???????????####+###?????????????????? | | ??# # ?????????????? ????????????????????? | | ??# # """ """????????????? ????????????????????? | | ??# # """ ""?????????????? ????????????????????? | | ??# + """ """??????????????????????????????????? | | ??/ # ? ??????????????????????????????????? | | ? # # ???? ???????????????????????????????????? | | ?## #?##???????????????????????????????????????? | | ?? ??????????????????????????????????????????? | | ?? ??????????????????????????????????????????? | | ?? ??????????????????????????????????????????? | | ?" ??????????????????????????????????????????? | | ?T ??????????????????????????????????????????? | +----------------------------------------------------+ Best States ------------- Heat Dissipation 28 Energy Generation 12 Energy Capacity 265 Matter Stores 300 Matter Capacity 300 Sight Range 18 Terrain Scan Density 10 Core Shielding 20 Evasion (%) 50 Recoil Reduction 1 Item Schematics ----------------- None Robot Schematics ------------------ None Fabricated ------------ Nothing Repaired ---------- Nothing Alien Tech Used ----------------- None Achievements -------------- None Challenges ------------ None Game ------ Seed MissileActiveChainsword Manual? 0 Play Time 00:08:51 Cumulative 151.4 hours Start 2025.09.20 @ 16:47:10 End 2025.09.20 @ 16:53:38 Sessions 1 Manual Loads 0 Difficulty Rogue Special Mode None Game No. 494 Rogue 494 Adventurer 0 Explorer 0 Win Type - Total 0 Types 0/0/0/0/0/0/0/0/0/0 Lore% 54 Gallery% 52 Achievement% 42 Wizard Run 0 Options --------- Layout 1 ASCII 0 Keyboard 0 Movement Mouse Keybinds 0 Fullscreen 2 Font 24/Smallcaps Map View 50x35 Zoom Use 0% Tactical HUD 0 Map Filters NONE Filters NONE Steam 1 RUN: ab317782-80da-4253-86e3-64679d6c25c6